 Dungeon Crawl Stone Soup version 0.31-a0-986-g5e6e4ef867 (webtiles) character file.

Game seed: 9168516437710343418

386 strifetoe the Cleaver (level 6, -4/51 HPs)
             Began as a Minotaur Monk on Nov 18, 2023.
             Slain by a scorpion (5 damage)
             ... on level 4 of the Dungeon.
             The game lasted 00:02:19 (3114 turns).

strifetoe the Cleaver (Minotaur Monk)               Turns: 3114, Time: 00:02:19

Health: -4/51      AC:  3    Str: 16 (18) XL:     6   Next: 48%
Magic:  5/5        EV: 12    Int:  4 (7)  God:
Gold:   153        SH:  0    Dex: 10 (12) Spells: 5/5 levels left

rFire   . . .        r - +0 war axe
rCold   . . .        d - orb {light}
rNeg    . . .        m - +0 troll leather armour {Pargi}
rPois   .            (helmet restricted)
rElec   .            (no cloak)
rCorr   .            (no gloves)
SInv    .            (no boots)
Will    .....        (no amulet)
Stlth   +            (no ring)
HPRegen 1.08/turn    (no ring)
MPRegen 0.09/turn

%: no passive effects
@: brilliant, lethally poisoned (-4 -> -21), glowing
A: horns 2, retaliatory headbutt
a: no special abilities


You were on level 4 of the Dungeon.
You visited 1 branch of the dungeon, and saw 4 of its levels.

You collected 153 gold pieces.

Inventory:

Hand Weapons
 a - a +0 hand axe
 r - a +0 war axe (weapon)
Armour
 b - a +0 robe
 d - an orb of light (worn)
 m - a +0 troll leather armour (worn) {Pargi}
Jewellery
 h - a ring of flight
Scrolls
 e - 2 scrolls of identify {unknown}
 f - 4 scrolls of teleportation {unknown}
 g - 4 scrolls of fear {unknown}
 n - a scroll of fog {unknown}
 p - 5 scrolls of revelation {unknown}
 s - a scroll of brand weapon {unknown}
Potions
 c - a potion of ambrosia
 i - a potion of brilliance
 k - a potion of curing {unknown}
 l - a potion of lignification {unknown}
 o - a potion of might {unknown}
 q - a potion of cancellation {unknown}


   Skills:
 - Level 3.6 Fighting
 + Level 8.9 Axes
 - Level 3.2 Dodging


You had 5 spell levels left.
You didn't know any spells.
Your spell library contained the following spells:

 Spells                   Type           Power      Damage    Failure   Level
 Shock                    Conj/Air       0%         1d3       56%         1
 Ensorcelled Hibernation  Hex/Ice        0%         N/A       71%         2
 Frozen Ramparts          Ice            0%         1d1       91%         3
 Hailstorm                Conj/Ice       0%         3d3       91%         3
 Swiftness                Air            0%         N/A       91%         3
 Airstrike                Air            0%         2d(0-16)  100%        4
 Simulacrum               Ice/Necr       0%         N/A       100%        6


Dungeon Overview and Level Annotations

Branches:
Dungeon (4/15)
 Temple: D:4-7

Altars:
Zin


Innate Abilities, Weirdness & Mutations

You have a pair of horns on your head.
You reflexively headbutt those who attack you in melee.


Message History

You hit the scorpion. The scorpion barely misses you. You furiously retaliate!
You headbutt the scorpion. The orc priest barely misses you.
The scorpion stings you.
You are poisoned.
The scorpion poisons you!
You barely miss the orc priest. You headbutt the orc priest!
The orc priest is almost dead.
You slash the scorpion!
You feel very sick. The orc priest hits you with a +0 club.
The scorpion stings you.
Unknown command.
You completely miss the orc priest.
The orc priest is almost dead.
You barely miss the scorpion.
You feel very sick. The orc priest misses you. The scorpion stings you.
You are more poisoned.
The scorpion poisons you!
The orc priest calls down the wrath of Beogh upon you.
Beogh smites you!
* * * LOW HITPOINT WARNING * * *
You are too injured to fight recklessly!
Unknown command.
You are too injured to fight recklessly!
Unknown command.
It was a potion of brilliance.
You feel clever all of a sudden.
* * * LOW HITPOINT WARNING * * *
You feel very sick. The scorpion closely misses you.
The orc priest closely misses you.
It was a potion of degeneration.
There was something very wrong with that liquid.
You feel weakened.
You feel dopey.
You feel clumsy.
* * * LOW HITPOINT WARNING * * *
You feel very sick. The scorpion stings you.
* * * LOW HITPOINT WARNING * * *
You are more poisoned.
The scorpion poisons you! The scorpion stings you.
You die...

#.....#.#.# #.# #.
##..##.#.#.# #.# #.
.....##.#.#.#
#.#####.
####..#.#..#.#
#.>..<.)
......###)#.#
######## #...# ##).#
#....###.###
#.#...#.#..# ######
.....Js@.#.# ##...#.
......o....# #......
.#....###### #......
....## #...... #.#
##...#. # ##.###
#.######## #.#
#?.......#########.#
########...........#


You could see a scorpion, an orc priest and an endoplasm.

Vanquished Creatures
  Pargi (D:3)
  A scorpion (D:4)
  An orc priest (D:3)
  An orc wizard (D:3)
  7 adders
  3 gnolls (D:4)
  2 ufetubi (D:3)
  2 dart slugs
  5 orcs
  5 bats
  5 endoplasms
  3 giant cockroaches
  4 goblins
  6 hobgoblins
  3 jackals (D:1)
  3 quokkas
  5 ball pythons
  4 frilled lizards
  11 kobolds
  5 rats
77 creatures vanquished.

Notes
Turn   | Place    | Note
-------+----------+-------------------------------------------
     0 | D:1      | strifetoe the Minotaur Monk began the quest for the Orb.
     0 | D:1      | Reached XP level 1. HP: 19/19 MP: 0/0
   134 | D:1      | Reached skill level 4 in Axes
   241 | D:1      | Reached XP level 2. HP: 26/26 MP: 1/1
   589 | D:1      | Reached skill level 5 in Axes
   758 | D:1      | Reached XP level 3. HP: 28/31 MP: 2/2
   909 | D:2      | Identified the of Vomays
  1583 | D:3      | Reached skill level 6 in Axes
  1583 | D:3      | Reached XP level 4. HP: 33/39 MP: 3/3
  1723 | D:3      | Noticed Pargi
  1732 | D:3      | Killed Pargi
  1733 | D:3      | Reached skill level 7 in Axes
  1733 | D:3      | Reached XP level 5. HP: 15/45 MP: 4/4
  2204 | D:2      | Found a glowing silver altar of Zin.
  2283 | D:2      | Reached skill level 8 in Axes
  2825 | D:3      | Reached XP level 6. HP: 51/51 MP: 5/5
  3114 | D:4      | HP: 1/51 [scorpion (3)]
  3114 | D:4      | Slain by a scorpion

Illustrated notes

Levels and vault maps discovered:
D:1:      lemuel_arrival_muddy, layout_basic, grunt_decor_cap
D:2:      layout_basic, basic_altar
D:3:      layout_loops_ring, uniq_pargi
D:4:      layout_loops_ring

Skill      XL: |  1  2  3  4  5 |
---------------+----------------+-----
Axes           | 4 5 6 7 8 |  8.9
Fighting       | |  3.6
Dodging        | |  3.2

Action                     |  1- 3 |  4- 6 || total
---------------------------+-------+-------++-------
  Melee: Hand axe          |    77 |    68 ||   145
         Headbutt          |    12 |    19 ||    31
         War axe           |       |    26 ||    26
    Use: Potion            |       |     2 ||     2
 Armour: Robe              |    42 |    20 ||    62
         Troll leather arm |       |    46 ||    46
  Dodge: Dodged            |    40 |    56 ||    96

Table legend: (Time is in decaauts)
 A = Elapsed time spent in this place.
 B = Non-inter-level travel time spent in this place.
 C = Inter-level travel time spent in this place.
 D = Time resting spent in this place.
 E = Time spent auto-exploring this place.
 F = Levels seen in this place.
 G = Mean time per level.
                   A        B        C        D        E       F      G
               +--------+--------+--------+--------+--------+-----+--------+
         Total |   3116 |   2921 |    195 |    206 |   2269 |   4 |  779.0 |
       Dungeon |   3116 |   2921 |    195 |    206 |   2269 |   4 |  779.0 |
               +--------+--------+--------+--------+--------+-----+--------+

Top non-repeatable levels by time:
     D:2: 988 daAuts
     D:3: 940 daAuts
     D:1: 914 daAuts
     D:4: 273 daAuts
